 Dungeon Crawl Stone Soup version 0.21-a0-176-gb3d4b37 (webtiles) character file.

2048 CanOfBees the Skirmisher (level 9, 0/57 HPs)
             Began as a Gargoyle Fighter on Aug 8, 2017.
             Was a Follower of Qazlal.
             Killed from afar by Maurice (7 damage)
             ... with a wand of lightning (?/15)
             ... on level 7 of the Dungeon.
             The game lasted 00:12:41 (6958 turns).

CanOfBees the Skirmisher (Gargoyle Fighter)         Turns: 6958, Time: 00:12:42

Health: 0/57       AC: 21    Str: 23    XL:     9   Next: 25%
Magic:  12/12      EV:  5    Int: 14    God:    Qazlal [*.....]
Gold:   388        SH: 11    Dex:  9    Spells: 8/8 levels left

rFire    x . .     SeeInvis .   a - +1 flail
rCold    + . .     Gourm    .   c - +0 shield
rNeg     + . .     Faith    .   q - +0 plate armour
rPois    ∞         Spirit   .   (no helmet)
rElec    +         Reflect  .   d - +2 cloak {rPois}
rCorr    .         Harm     .   (no gloves)
MR       .....                  (no boots)
Stlth    ..........             (no amulet)
HPRegen  0.19/turn              j - ring of ice
MPRegen  0.13/turn              (no ring)

@: brilliant, hasted, very quick
A: negative energy resistance 1, electricity resistance, unbreathing,
petrification resistance, rot immunity, AC +5
a: Renounce Religion


You were on level 7 of the Dungeon.
You worshipped Qazlal.
Qazlal was aware of your devotion.
You were not hungry.

You visited 2 branches of the dungeon, and saw 9 of its levels.

You collected 388 gold pieces.

Inventory:

Hand Weapons
 a - a +1 flail (weapon)
 E - a +1 hunting sling
Missiles
 e - 73 sling bullets
 o - 3 throwing nets
 u - 4 tomahawks (quivered)
Armour
 c - a +0 shield (worn)
 d - a +2 cloak of poison resistance (worn)
 q - a +0 plate armour (worn)
Jewellery
 j - a ring of ice (left hand)
 D - an uncursed ring of stealth {unknown}
Scrolls
 g - 5 scrolls of amnesia
 h - 2 scrolls of teleportation
 i - 2 scrolls of recharging
 k - 3 scrolls of identify
 l - a scroll of blinking
 n - 2 scrolls of enchant weapon
 z - 2 scrolls of remove curse
 B - a scroll of brand weapon {unknown}
 F - 3 scrolls of fog {unknown}
Potions
 p - 2 potions of brilliance
 s - 2 potions of curing
 w - a potion of heal wounds {unknown}
 x - a potion of haste
 G - a potion of mutation {unknown}
Books
 t - a book of Misfortune

   Spells                             Type                      Level
   a - Confusing Touch                Hexes                        1
   b - Confuse                        Hexes                        3
   c - Gell's Gravitas                Translocation                3
   d - Petrify                        Transmutation/Earth          4
   e - Metabolic Englaciation         Hexes/Ice                    5
   f - Yara's Violent Unravelling     Hexes/Transmutation          5
 y - the Grimoire of Igneous Darkness
   (You found it on level 5 of the Dungeon)

   Spells                             Type                      Level
   a - Animate Skeleton               Necromancy                   1
   b - Sublimation of Blood           Necromancy                   2
   c - Regeneration                   Charms/Necromancy            3
   d - Ring of Flames                 Charms/Fire                  7
Comestibles
 b - 5 fruits
 f - 11 bread rations
 r - a meat ration
 A - 3 chunks of flesh
 C - a royal jelly


   Skills:
 + Level 7.3 Fighting
 + Level 6.5 Maces & Flails
 - Level 6.1 Armour
 - Level 3.1 Dodging
 + Level 3.9 Shields
 + Level 5.0 Invocations


You had 8 spell levels left.
You didn't know any spells.

Dungeon Overview and Level Annotations

Branches:
Dungeon (8/15)             Temple (1/1) D:4
   Lair: D:8-11

Altars:
Fedhas
Gozag
Hepliaklqana
Kikubaaqudgha
Makhleb
Nemelex Xobeh
Qazlal
Ru
Sif Muna
Trog
Uskayaw
Xom
Zin

Annotations:
D:7 1 runed door, Maurice


Innate Abilities, Weirdness & Mutations

You are resistant to torment.
Your stone body is resilient. (AC +5)
You are immune to poison.
You resist negative energy. (rN+)
You are resistant to electric shocks. (rElec)
You can survive without breathing.
You are immune to petrification.
You are immune to rotting.


Message History

There is a stone staircase leading down here.
Something hits you but does no damage.
Things that are here:
a mace; a plate armour You miss something.
You hear a zap.
A bolt of lightning appears from out of thin air!
The bolt of lightning hits you! You resist.
* * * LOW HITPOINT WARNING * * *
You closely miss something. Something hits you but does no damage.
Your plate armour prevents you from hitting something.
You miss something. Something hits you.
* * * LOW HITPOINT WARNING * * *
Something steals your 84 sling bullets!
You writhe in agony!
* * * LOW HITPOINT WARNING * * *
You miss something.
You hear a zap.
A bolt of lightning appears from out of thin air!
The bolt of lightning hits you! You resist.
You die...

#..####.###.#
#.#.##.##### #...# #.#
#.# #.#......... #...#
#.#
#.##########.####.#####
....# #.#
#..........#.# #.#
##..# #.#
##########.#.####.#####
#..# #.# ######........
#..# #.# #.#.#######
##..#
#.###############'#.#
....#
#........{@>..#.#.#.#
###.#
#############.'...#.#
#.# #######.# ###.# #.#
#..# ....# #.# #..#
##### #.# #..#######
#.# #.[....... #.#
##........ #.#
#######..


There were no monsters in sight!

Vanquished Creatures
  A spriggan (D:7)
  The ghost of Croanthos the Conjurer, an amateur HuCj (D:4)
  2 ice beasts
  An orc warrior (D:7)
  A necrophage (D:8)
  3 ogres
  2 phantoms
  A centaur (D:5)
  5 bullfrogs
  A scorpion (D:7)
  A crimson imp (D:7)
  Crazy Yiuf (D:4)
  An orc priest (D:6)
  3 iguanas
  2 worker ants (D:7)
  2 orc wizards (D:5)
  4 gnolls (D:5)
  A howler monkey skeleton (D:7)
  14 adders
  An ooze (D:2)
  2 adder zombies
  An adder skeleton (D:6)
  3 worms
  2 dart slugs
  4 leopard geckos
  13 orcs
  5 bats
  3 giant cockroaches (D:2)
  5 goblins
  4 hobgoblins
  2 jackals (D:1)
  2 quokkas (D:2)
  A ball python (D:5)
  4 frilled lizards
  A giant cockroach zombie (D:3)
  A jackal skeleton (D:6)
  2 kobolds
  A leopard gecko skeleton (D:4)
  5 rats
109 creatures vanquished.

Vanquished Creatures (others)
  A quokka (D:8)
1 creature vanquished.

Grand Total: 110 creatures vanquished

Notes
Turn   | Place    | Note
-------+----------+-------------------------------------------
     0 | D:1      | CanOfBees the Gargoyle Fighter began the quest for the Orb.
     0 | D:1      | Reached XP level 1. HP: 14/14 MP: 1/1
   144 | D:1      | Reached XP level 2. HP: 12/19 MP: 2/2
   378 | D:1      | You fall through a shaft!
   424 | D:2      | Reached skill level 1 in Dodging
   443 | D:2      | Reached XP level 3. HP: 24/24 MP: 3/3
  1012 | D:2      | Reached skill level 4 in Fighting
  1012 | D:2      | Reached XP level 4. HP: 27/29 MP: 4/4
  2010 | D:3      | Found an opulent altar of Gozag.
  2495 | D:3      | Reached XP level 5. HP: 33/33 MP: 5/5
  2726 | D:4      | Noticed Croanthos's ghost (amateur HuCj)
  2742 | D:4      | HP: 1/33 [Croanthos's ghost (1)]
  2743 | D:4      | Killed Croanthos's ghost
  2743 | D:4      | Reached XP level 6. HP: 1/39 MP: 6/6
  3071 | D:4      | Found a staircase to the Ecumenical Temple.
  3082 | Temple   | Entered the Ecumenical Temple
  3103 | Temple   | Became a worshipper of Qazlal Stormbringer
  3148 | D:4      | Reached skill level 5 in Fighting
  3275 | D:4      | Noticed a phantom
  3301 | D:4      | Killed a phantom
  3301 | D:4      | Reached skill level 1 in Invocations
  3301 | D:4      | Reached XP level 7. HP: 37/44 MP: 6/8
  3653 | D:4      | Found a runed door.
  3657 | D:4      | Noticed Crazy Yiuf
  3670 | D:4      | Killed Crazy Yiuf
  4023 | D:5      | Entered Level 5 of the Dungeon
  4032 | D:5      | Identified the Grimoire of Igneous Darkness
  4042 | D:5      | Found a deep blue altar of Sif Muna.
  4534 | D:5      | Found a sacrificial altar of Ru.
  4534 | D:5      | Found a sparkling altar of Nemelex Xobeh.
  4543 | D:5      | Noticed a dagger
  4544 | D:5      | Noticed a dagger
  4549 | D:5      | Reached skill level 5 in Maces & Flails
  4558 | D:5      | Found a hide-covered altar of Uskayaw.
  5402 | D:6      | Reached skill level 6 in Fighting
  5402 | D:6      | Reached XP level 8. HP: 24/51 MP: 10/10
  5722 | D:6      | Reached * piety under Qazlal
  5965 | D:7      | Found a runed door.
  5967 | D:7      | Noticed a sixfirhy
  5994 | D:7      | Found a blossoming altar of Fedhas.
  6217 | D:7      | Noticed a spriggan baker
  6228 | D:7      | Killed a spriggan baker
  6228 | D:7      | Reached skill level 5 in Armour
  6354 | D:7      | Reached skill level 7 in Fighting
  6448 | D:7      | Reached XP level 9. HP: 57/57 MP: 12/12
  6737 | D:8      | Noticed Maurice
  6950 | D:7      | Reached skill level 5 in Invocations
  6958 | D:7      | Killed from afar by Maurice

Vault maps used:
D:1:      ncdulo_smallfort
D:2:      due_unseen_surprise
D:3:      grunt_gozag_statues
D:4:      minmay_temple_entry_trees, serial_corexii_hall,
          corexii_hall_statues_u, corexii_hall_statues_x,
          corexii_hall_statues_x, corexii_hall_statues_x,
          corexii_hall_statues_i, corexii_hall_statues_i,
          uniq_crazy_yiuf_cottage
D:5:      dancing_weapons_uskayaw, old_standard_altar,
          gammafunk_temple_overflow_wave, first_bread, grunt_ministairs_6
D:6:      minmay_hedge_maze
D:7:      cheibrodos_shockbox, fedhas_altar_2, the_bakery
D:8:      kennysheep_mini, elyvilon_altar_4, kennysheep_little_box,
          lair_entry_dummy, uniq_maurice
Temple:   dshaligram_water_room_temple

Skill      XL: |  1  2  3  4  5  6  7  8  9 |
---------------+----------------------------+-----
Dodging        | 1 2 3 |  3.1
Fighting       | 4 5 6 7 |  7.3
Maces & Flails | 3 4 5 6 |  6.5
Invocations    | 1 3 4 5 |  5.0
Armour         | 4 5 6 |  6.1
Shields        | |  3.9

Action                   |  1- 3 |  4- 6 |  7- 9 || total
-------------------------+-------+-------+-------++-------
Melee: Flail             |    99 |   154 |   365 ||   618
 Fire: Hunting sling     |       |       |     2 ||     2
Throw: Stone             |     2 |     8 |       ||    10
       Tomahawk          |       |     7 |     8 ||    15
  Use: Scroll            |       |     3 |     7 ||    10
       Potion            |       |     1 |     2 ||     3
  Eat: Chunk             |       |     8 |    12 ||    20
Armor: Scale mail        |    58 |    80 |    34 ||   172
       Plate armour      |       |       |   182 ||   182
Dodge: Dodged            |    36 |    53 |    74 ||   163
Block: Shield            |    65 |    83 |   187 ||   335
